 Dungeon Crawl Stone Soup version 0.17-a0-1373-g64d4c99 (webtiles) character file.

176710 Chiseanne the Quickloader (level 17, -6/134 HPs)
             Began as a Demonspawn Gladiator on June 13, 2015.
             Was a High Priest of Okawaru.
             Shot with an arrow by a deep elf master archer (18 damage)
             ... on level 3 of the Elven Halls.
             The game lasted 03:27:43 (49002 turns).

Chiseanne the Quickloader (Demonspawn Gladiator)   Turns: 49002, Time: 03:27:43

Health: -6/134     AC: 29    Str: 22    XL:     17   Next: 51%
Magic:  0/27       EV: 32    Int:  8    God:    Okawaru [*****.]
Gold:   1527       SH: 11    Dex: 20    Spells: 3 memorised, 25 levels left

rFire  + . .     SeeInvis .     a - +6 hand axe "Simmoint" {flame, Str+2}
rCold  + + +     Clarity  +     Z - +5 ring mail {MR+}
rNeg   . . .     SustAt   .     C - +3 buckler {rC+}
rPois  .         Gourm    .     E - +1 hat {rC+}
rElec  .         Spirit   +     x - +1 cloak
rCorr  .         Warding  .     D - +2 pair of gloves {archery}
rMut   .         Stasis   .     q - +0 pair of boots {Stlth+} {god gift}
MR     ++...                    A - amulet of clarity
Stlth  +++++.....               y - +4 ring of evasion
                                B - ring of Cimyweha {rF+ rC+ Int-5 Dex-3 Stlth+}

@: mighty, agile, heroism, very slightly contaminated, hasted, heavily drained,
very quick, very resistant to hostile enchantments, quite stealthy
A: horns 2, iridescent scales 3, cold resistance 1, augmentation 1, magic
shield, magic regeneration
a: Heroism, Finesse, Renounce Religion


You were on level 3 of the Elven Halls.
You worshipped Okawaru.
Okawaru was extremely pleased with you.
You were full.

You visited 6 branches of the dungeon, and saw 35 of its levels.
You visited the Abyss 1 time.
You also visited: Ice Cave.

You collected 3625 gold pieces.
You spent 2098 gold pieces at shops.

Inventory:

Hand weapons
 a - the +6 hand axe "Simmoint" (weapon) {flame, Str+2}
   (You found it on level 7 of the Lair of Beasts)

   It has been specially enchanted to burn those struck by it, causing extra
   injury to most foes and up to half again as much damage against particularly
   susceptible opponents.
   Big, fiery blades are also staple armaments of hydra-hunters.
   It affects your strength (+2).
 e - a +5 hand crossbow of velocity {god gift}
 s - the +9 trident "Fecuc" {god gift, flame, rF+ rC+}
   (Okawaru gifted it to you on level 4 of the Swamp)

   It has been specially enchanted to burn those struck by it, causing extra
   injury to most foes and up to half again as much damage against particularly
   susceptible opponents.
   It protects you from fire.
   It protects you from cold.
 w - a +0 blowgun
Missiles
 i - 39 bolts
 l - 17 bolts of frost
 r - 9 bolts of flame
 J - 19 steel bolts
 P - 8 curare-tipped needles
 Q - 4 poisoned bolts
 S - 15 bolts of penetration
Armour
 q - a +0 pair of boots of stealth (worn) {god gift}
 x - a +1 cloak (worn)
 C - a +3 buckler of cold resistance (worn)
 D - a +2 pair of gloves of archery (worn)
 E - a +1 hat of cold resistance (worn)
 Z - a +5 ring mail of magic resistance (worn)
Jewellery
 j - an uncursed ring of flight
 u - an uncursed ring of see invisible
 y - a +4 ring of evasion (right hand)
 A - an amulet of clarity (around neck)
 B - the ring of Cimyweha (left hand) {rF+ rC+ Int-5 Dex-3 Stlth+}
   (You bought it in a shop on level 4 of the Dungeon)

   [ring of protection from fire]

   It affects your intelligence (-5).
   It affects your dexterity (-3).
   It protects you from fire.
   It protects you from cold.
   It makes you more stealthy.
Magical devices
 c - a wand of digging (9)
 I - a wand of disintegration (4)
 O - a wand of hasting (1)
 U - a wand of fire (4)
 X - a wand of draining (8)
Scrolls
 b - 11 scrolls of remove curse
 k - 6 scrolls of fear
 m - 8 scrolls of identify
 v - a scroll of immolation
 z - 4 scrolls of recharging
 H - a scroll of fog
 K - 12 scrolls of teleportation
 R - 2 scrolls of blinking
Potions
 g - 2 potions of might
 o - a potion of resistance
 M - 3 potions of agility
 N - a potion of cancellation
 T - 4 potions of lignification
 Y - 4 potions of berserk rage
Books
 d - a book of Minor Magic

   Spells                             Type                      Level
   a - Magic Dart                     Conjuration                  1
   b - Blink                          Translocation                2
   c - Call Imp                       Summoning                    2
   d - Repel Missiles                 Charms/Air                   2
   e - Slow                           Hexes                        2
   f - Conjure Flame                  Conjuration/Fire             3
   g - Mephitic Cloud                 Conjuration/Poison/Air       3
 V - a book of Maledictions

   Spells                             Type                      Level
   a - Corona                         Hexes                        1
   b - Ensorcelled Hibernation        Hexes/Ice                    2
   c - Confuse                        Hexes                        3
   d - Tukima's Dance                 Hexes                        3
   e - Dazzling Spray                 Conjuration/Hexes            3
Miscellaneous
 f - a sack of spiders
 p - a fan of gales (inert)
Comestibles
 n - 19 meat rations
 G - 18 bread rations


   Skills:
 - Level 12.3(13.8) Fighting
   Level 2.0(4.2) Short Blades
 - Level 2.3(5.2) Axes
 - Level 2.6(5.3) Polearms
 - Level 13.6(15.0) Crossbows
 - Level 2.1(4.4) Throwing
 - Level 10.0(11.6) Armour
 - Level 12.6(14.0) Dodging
 - Level 12.9(14.3) Shields
 + Level 7.2(4.5) Spellcasting
 - Level 12.3(9.2) Poison Magic
 - Level 8.3(5.5) Invocations
 - Level 2.0(0.0) Evocations


You had 25 spell levels left.
You knew the following spells:

 Your Spells              Type           Power        Failure   Level  Hunger
a - Apportation           Tloc           #.........   41%         1    #......
b - Animate Skeleton      Necr           N/A          41%         1    #......
c - Mephitic Cloud        Conj/Pois/Air  #.......     38%         3    ###....


Dungeon Overview and Level Annotations

Branches:
Dungeon (15/15)            Temple (1/1) D:4            Lair (8/8) D:8
  Swamp (4/4) Lair:4        Snake (0/4) Lair:4        Slime (0/6) Lair:7
    Orc (4/4) D:12            Elf (3/3) Orc:4        Vaults (0/5) D:14
 Depths (0/5) D:15

Altars:
Ashenzari
Cheibriados
Dithmenos
Elyvilon
Fedhas
Gozag
Kikubaaqudgha
Makhleb
Nemelex Xobeh
Okawaru
Qazlal
Ru
Sif Muna
Trog
Vehumet
Xom
Yredelemnul
Zin
The Shining One
Beogh

Shops:
D:4 *   D:5 !   D:6 :   D:14 ?   Orc:2 (   Orc:4 %::%   Elf:1 ==:(

Annotations:
D:11 exclusion: 2 doors
Elf:2 3 runed doors


Innate Abilities, Weirdness & Mutations

You have a pair of horns on your head.
You are completely covered in iridescent scales (AC +8).
Your flesh is cold resistant.
Your magical and physical power is slightly enhanced at high health.
When hurt, damage is shared between your health and your magic reserves.
You regenerate magic rapidly.


Message History

The deep elf blademaster is severely wounded.
You hit the deep elf master archer. You burn the deep elf master archer.
The deep elf master archer is heavily wounded.
The deep elf master archer shoots an arrow.
The arrow completely misses you.
You block the deep elf blademaster's attack.
The deep elf blademaster completely misses you.
The deep elf master archer shoots an arrow.
You block the arrow.
You slash the deep elf blademaster! You burn the deep elf blademaster.
You kill the deep elf blademaster!
Okawaru accepts your kill. Something appears at your feet!
Okawaru grants you a gift!
Your base Spellcasting skill increases to level 7!
You closely miss the deep elf master archer.
The deep elf master archer is heavily wounded.
The deep elf master archer shoots an arrow.
The arrow hits you!!
You die...

#....≈≈#..#...# #≈≈#
#....≈≈#..#...############≈≈#
#....≈≈#..#...#}([.}.}:e##?.#
#....≈≈#..#...#..(=:.=.)##..#
#....≈≈#..#...#[((E=|))|##.)#
#)...≈≈#..###'#)()()?[)(##..#
#....≈≈#..#...###§# #..#
#....≈≈#..#...#§§e# ######..#####
#....≈≈#..#...#§@§# #...≈≈..≈≈...
#....≈≈#..#...#§§§###...≈≈..≈≈...
#....≈≈#).#...#.###.)...≈≈..≈≈...
#....≈≈#..#...#(# #)#.).≈≈(.≈≈...
#....≈≈#..#...#.###.######.(#####
#....≈≈#..#...#.##.)..).......
#....≈≈#..+...#.#..............
#....≈≈#..##'##.'........⌠..⌠...
#....≈≈#..#...#.#...............


You could see a deep elf master archer.

Vanquished Creatures
  Rupert (Lair:5)
  A deep elf blademaster (Elf:3)
  A thorn hunter (Swamp:4)
  Maud (Lair:7)
  3 deep elf sorcerers
  Nessos (D:15)
  A dire elephant (D:15)
  7 deep elf annihilators
  3 deep elf demonologists (Elf:3)
  A deep elf death mage (Elf:3)
  2 fire dragons (Lair:8)
  A great orb of eyes (D:15)
  Josephine (D:13)
  2 blizzard demons (IceCv)
  A deep elf high priest (Elf:3)
  24 hydras
  Erolcha (D:11)
  A centaur warrior (D:14)
  Erica (D:8)
  4 dancing weapons (Elf:2)
  5 death yaks (Lair:5)
  4 alligators
  A tengu warrior (D:14)
  4 orc high priests
  A fire crab (Lair:8)
  Sonja (D:10)
  7 deep elf knights
  3 skeletal warriors (D:15)
  5 ice devils (IceCv)
  An unseen horror (D:13)
  6 swamp dragons
  4 ice statues
  A lindwurm (Lair:8)
  6 hill giants
  7 deep elf summoners
  A deep troll (D:14)
  6 griffons
  A wolf spider (D:15)
  A manticore (D:15)
  4 orc sorcerers
  16 deep elf conjurers
  A cyclops (D:14)
  12 ugly things
  4 black mambas
  6 orc knights
  17 elephants
  Joseph (D:9)
  5 torpor snails (Lair:8)
  A gargoyle (D:13)
  19 spiny frogs
  7 deep elf priests
  5 komodo dragons
  2 wandering mushrooms (Lair:4)
  A freezing wraith (D:14)
  5 trolls
  6 fire drakes
  A tengu conjurer (D:14)
  2 giant leeches (Lair:8)
  8 blue devils (IceCv)
  3 two-headed ogres
  A troll (shapeshifter) (D:15)
  A raiju (shapeshifter) (D:13)
  A polar bear (shapeshifter) (Elf:2)
  2 polar bears
  Grinder (D:6)
  A harpy skeleton (D:15)
  27 blink frogs
  2 bog bodies (Swamp:1)
  28 deep elf magi
  2 trapdoor spiders
  3 spriggans
  A basilisk (shapeshifter) (D:14)
  2 steam dragons
  8 basilisks
  28 vampire mosquitoes
  3 wyverns
  19 deep elf fighters
  A shadow (Swamp:2)
  7 wolves
  64 yaks
  5 mottled dragons
  The ghost of Chiseanne the Digger, an average CeEE (D:3)
  3 wargs
  17 water moccasins
  17 hippogriffs
  4 wraiths
  12 swamp worms
  8 insubstantial wisps
  A soldier ant (D:14)
  13 porcupines
  5 swamp drakes
  4 ice beasts
  24 orc warriors
  10 wasps
  2 eyes of draining
  A necrophage (D:10)
  13 ogres
  3 sky beasts
  4 phantoms
  12 centaurs
  22 crocodiles
  4 big kobolds
  4 brain worms (Lair:8)
  31 giant frogs
  3 wyvern zombies
  6 scorpions
  A wyvern skeleton (D:8)
  6 electric eels
  A vampire bat (Lair:4)
  4 killer bees (D:9)
  5 wights (D:9)
  10 crimson imps
  A gnoll shaman (D:6)
  33 orc priests
  A wasp zombie (D:8)
  8 jellies
  2 centaur skeletons
  Ijyb (D:2)
  6 hounds
  29 orc wizards
  4 giant frog skeletons
  13 iguanas
  15 worker ants
  18 sheep
  A hound skeleton (D:10)
  2 worker ant zombies
  10 gnolls
  71 river rats
  15 adders
  9 white imps (IceCv)
  2 shadow imps
  8 ufetubi (IceCv)
  An ooze (Lair:7)
  3 adder skeletons
  18 worms
  6 giant geckos
  190 orcs
  A ball python (D:3)
  A bat skeleton (D:4)
  2 bat zombies
  5 giant cockroaches
  14 goblins
  15 hobgoblins
  10 jackals
  5 quokkas
  14 bats
  A giant newt (D:7)
  31 kobolds
  A quokka skeleton (D:6)
  19 rats
  16 fungi
  11 plants
1320 creatures vanquished.

Vanquished Creatures (others)
  An unseen horror (D:13)
  A deep elf knight (Elf:1)
  2 yaks (Lair:7)
  A wasp (Swamp:4)
  A scorpion (D:6)
  An iguana (D:6)
  2 sheep (Lair:7)
  A shadow imp (D:6)
  2 giant geckos (D:6)
  An orc (D:6)
  A jackal (D:6)
  2 rats (D:6)
  15 fungi
  7 plants
38 creatures vanquished.

Grand Total: 1358 creatures vanquished

Notes
Turn   | Place    | Note
--------------------------------------------------------------
     0 | D:1      | Chiseanne the Demonspawn Gladiator began the quest for the Orb.
     0 | D:1      | Reached XP level 1. HP: 16/16 MP: 1/1
   456 | D:1      | Reached skill level 3 in Dodging
   456 | D:1      | Gained mutation: Your flesh is cold resistant. [demonic ancestry]
   456 | D:1      | Reached XP level 2. HP: 22/22 MP: 2/2
   979 | D:2      | Found a faded altar to an unknown god.
   999 | D:2      | Reached skill level 1 in Armour
  1018 | D:2      | Gained mutation: You have a pair of small horns on your head. [demonic ancestry]
  1018 | D:2      | Reached XP level 3. HP: 20/27 MP: 3/3
  1414 | D:2      | Noticed Ijyb
  1415 | D:2      | You fall through a shaft for 2 floors!
  1415 | D:4      | Found a shattered altar of Ashenzari.
  1724 | D:4      | Found a staircase to the Ecumenical Temple.
  1761 | Temple   | Entered the Ecumenical Temple
  1907 | Temple   | Became a worshipper of Warmaster Okawaru
  1947 | D:4      | Gained mutation: You are partially covered in iridescent scales (AC +4). [demonic ancestry]
  1947 | D:4      | Reached XP level 4. HP: 30/33 MP: 4/4
  2027 | D:3      | Noticed Chiseanne's ghost (average CeEE)
  2416 | D:2      | Killed Ijyb
  2819 | D:3      | Gained mutation: When hurt, damage is shared between your health and your magic reserves. [demonic ancestry]
  2819 | D:3      | Reached XP level 5. HP: 28/39 MP: 5/5
  2855 | D:3      | Reached skill level 4 in Dodging
  3120 | D:3      | Reached skill level 1 in Evocations
  3395 | D:3      | Killed Chiseanne's ghost
  3395 | D:3      | Acquired Okawaru's first power
  3395 | D:3      | Reached XP level 6. HP: 47/47 MP: 4/7
  4316 | D:4      | Found Bathras's Assorted Antiques.
  4321 | D:4      | Bought a smoking granite ring for 125 gold pieces
  4321 | D:4      | Bought a scroll labeled OROREUFFUR for 25 gold pieces
  4380 | D:4      | Found a bloodstained altar of Trog.
  4391 | D:4      | Identified the ring of Cimyweha {rF+ rC+ Int-5 Dex-3 Stlth+} (You bought it in a shop on level 4 of the Dungeon)
  4556 | D:5      | Entered Level 5 of the Dungeon
  4558 | D:5      | Found a blossoming altar of Fedhas.
  4580 | D:5      | Reached skill level 1 in Short Blades
  4580 | D:5      | Reached skill level 5 in Dodging
  4580 | D:5      | Gained mutation: You are mostly covered in iridescent scales (AC +6). [demonic ancestry]
  4580 | D:5      | Reached XP level 7. HP: 32/52 MP: 4/8
  5472 | D:5      | Found a radiant altar of Vehumet.
  5703 | D:5      | Found Uluiff's Distillery.
  5711 | D:5      | Bought a potion of invisibility for 96 gold pieces
  6056 | D:6      | Found Vucrir Boph's Book Shoppe.
  6130 | D:6      | Reached XP level 8. HP: 47/60 MP: 6/9
  6280 | D:6      | Found a shimmering altar of Xom.
  6353 | D:6      | Reached skill level 1 in Crossbows
  6810 | D:6      | Reached skill level 6 in Dodging
  7124 | D:6      | Found a snail-covered altar of Cheibriados.
  7180 | D:6      | Noticed Grinder
  7193 | D:6      | Paralysed by Grinder for 6 turns
  7200 | D:6      | Killed Grinder
  7200 | D:6      | Reached skill level 5 in Armour
  7947 | D:7      | Gained mutation: You are completely covered in iridescent scales (AC +8). [demonic ancestry]
  7947 | D:7      | Reached XP level 9. HP: 62/66 MP: 8/10
  7958 | D:7      | Reached skill level 5 in Crossbows
  8221 | D:7      | HP: 1/66 [orc priest/divine providence (11)]
  8697 | D:7      | Received a gift from Okawaru
  8979 | D:7      | Found a bloodstained altar of Trog.
  9056 | D:7      | Reached skill level 5 in Fighting
  9146 | D:7      | Reached skill level 7 in Dodging
  9494 | D:8      | Found a staircase to the Lair.
  9525 | Lair:1   | Entered Level 1 of the Lair of Beasts
  9680 | D:8      | Noticed Erica
  9712 | D:8      | Killed Erica
  9712 | D:8      | Reached XP level 10. HP: 32/74 MP: 6/11
 10030 | D:8      | Found a white marble altar of Elyvilon.
 10205 | D:8      | Reached skill level 8 in Crossbows
 10531 | D:8      | Received a gift from Okawaru
 10994 | D:9      | Found a glowing silver altar of Zin.
 11065 | D:9      | Reached skill level 9 in Crossbows
 11477 | D:9      | Acquired Okawaru's second power
 11709 | D:9      | Found a sacrificial altar of Ru.
 11747 | D:9      | Noticed Joseph
 11767 | D:9      | Killed Joseph
 12412 | D:10     | Entered Level 10 of the Dungeon
 12563 | D:10     | Reached XP level 11. HP: 61/80 MP: 9/12
 12733 | D:10     | Found a shimmering altar of Xom.
 12776 | D:10     | Learned a level 1 spell: Apportation
 12778 | D:10     | Learned a level 1 spell: Animate Skeleton
 12803 | D:10     | Noticed Sonja
 12812 | D:10     | Killed Sonja
 13233 | D:10     | Reached skill level 10 in Crossbows
 13279 | D:10     | Received a gift from Okawaru
 14411 | Lair:1   | Noticed a spiny frog
 14425 | Lair:1   | Killed a spiny frog
 14437 | Lair:1   | Noticed a fire drake
 14450 | Lair:1   | Killed a fire drake
 14459 | Lair:1   | Reached skill level 1 in Shields
 14999 | Lair:2   | Noticed an eight-headed hydra
 15108 | Lair:1   | Received a gift from Okawaru
 15133 | Lair:1   | Got an ancient arbalest {god gift}
 15155 | Lair:1   | Identified the +1 arbalest "Gaos" {god gift, freeze, rF+ rC+++ Str-2 Int-2} (Okawaru gifted it to you on level 1 of the Lair of Beasts)
 16056 | Lair:2   | Reached skill level 10 in Dodging
 16121 | Lair:2   | Killed a six-headed hydra
 16413 | Lair:2   | Gained mutation: You regenerate magic rapidly. [demonic ancestry]
 16413 | Lair:2   | Reached XP level 12. HP: 91/91 MP: 13/13
 16463 | Lair:2   | Received a gift from Okawaru
 16707 | Lair:3   | Received a gift from Okawaru
 17169 | D:4      | Bought a scroll of identify for 50 gold pieces
 17169 | D:4      | Bought a scroll labeled DICUAT REQIDEANAOSH for 25 gold pieces
 17169 | D:4      | Bought a scroll of teleportation for 75 gold pieces
 17169 | D:4      | Bought a scroll of teleportation for 75 gold pieces
 17169 | D:4      | Bought a potion of heal wounds for 125 gold pieces
 17169 | D:4      | Bought a scroll of fear for 87 gold pieces
 17288 | D:5      | Bought a potion of brilliance for 48 gold pieces
 17288 | D:5      | Bought a potion of berserk rage for 60 gold pieces
 18805 | Lair:4   | Found a staircase to the Snake Pit.
 18956 | Lair:4   | Found a staircase to the Swamp.
 19234 | Lair:4   | Received a gift from Okawaru
 19502 | Lair:4   | Got a polished chain mail
 19621 | Lair:4   | Received a gift from Okawaru
 19791 | Lair:4   | Identified the +1 chain mail "Toiluesk" {Dex+3} (You found it on level 4 of the Lair of Beasts)
 20233 | Lair:4   | Reached skill level 5 in Shields
 21452 | Lair:5   | Noticed Rupert
 21763 | Lair:5   | Paralysed by Rupert for 6 turns
 21853 | Lair:5   | Killed Rupert
 21853 | Lair:5   | Received a gift from Okawaru
 21853 | Lair:5   | Reached skill level 10 in Fighting
 21853 | Lair:5   | Reached XP level 13. HP: 87/103 MP: 14/14
 22015 | Lair:5   | Noticed a four-headed hydra
 22025 | Lair:5   | Killed a one-headed hydra
 22139 | Lair:5   | Received a gift from Okawaru
 23203 | Lair:6   | Identified a scroll of acquirement
 24017 | Lair:6   | Received a gift from Okawaru
 24330 | Lair:6   | Reached skill level 10 in Armour
 25306 | Lair:7   | Found a staircase to the Slime Pits.
 25369 | Lair:7   | Noticed Maud
 25385 | Lair:7   | Killed Maud
 25789 | Lair:7   | Reached skill level 10 in Shields
 26138 | Lair:7   | Received a gift from Okawaru
 26433 | Lair:7   | Got an iridescent hand axe
 26434 | Lair:7   | Identified the +6 hand axe "Simmoint" {flame, Str+2} (You found it on level 7 of the Lair of Beasts)
 26632 | Lair:8   | Entered Level 8 of the Lair of Beasts
 26644 | Lair:8   | Reached XP level 14. HP: 104/110 MP: 13/15
 26725 | Lair:8   | Reached skill level 1 in Invocations
 26810 | Lair:8   | Received a gift from Okawaru
 26892 | Lair:8   | Received a gift from Okawaru
 27123 | Lair:8   | Reached skill level 5 in Invocations
 27324 | Lair:8   | Received a gift from Okawaru
 27408 | Lair:8   | Got a smoking quick blade {god gift}
 27410 | Lair:8   | Identified the +5 quick blade of Trauma {god gift, pierce, Int+4} (Okawaru gifted it to you on level 8 of the Lair of Beasts)
 27726 | Lair:8   | Reached skill level 11 in Shields
 28631 | Lair:8   | Received a gift from Okawaru
 28906 | Lair:8   | Found a runed door.
 30539 | D:11     | Noticed Erolcha
 30555 | D:11     | Killed Erolcha
 31726 | D:12     | Received a gift from Okawaru
 31951 | D:12     | Found a staircase to the Orcish Mines.
 31982 | D:12     | Reached XP level 15. HP: 109/117 MP: 19/21
 32507 | D:13     | Got a pitted chain mail
 32534 | D:13     | Identified the cursed +1 chain mail of Lilacs {rF+} (You found it on level 13 of the Dungeon)
 33241 | D:13     | Received a gift from Okawaru
 33372 | D:13     | Noticed Josephine
 33381 | D:13     | Killed Josephine
 34075 | D:14     | Found Ofymalu's Magic Scroll Boutique.
 34089 | D:14     | Bought a scroll of blinking for 82 gold pieces
 34089 | D:14     | Bought a scroll of enchant armour for 82 gold pieces
 34089 | D:14     | Bought a scroll of identify for 22 gold pieces
 34089 | D:14     | Bought a scroll of blinking for 82 gold pieces
 34281 | D:14     | Reached skill level 12 in Crossbows
 34663 | D:14     | Found a gate to the Vaults.
 34855 | D:14     | Received a gift from Okawaru
 35174 | D:15     | Entered Level 15 of the Dungeon
 35313 | D:15     | Noticed Nessos
 35327 | D:15     | Killed Nessos
 35824 | D:15     | Found a staircase to the Depths.
 36744 | D:5      | Bought a potion of heal wounds for 60 gold pieces
 36744 | D:5      | Bought a potion of agility for 48 gold pieces
 36744 | D:5      | Bought a potion of curing for 36 gold pieces
 36744 | D:5      | Bought a potion of curing for 36 gold pieces
 36744 | D:5      | Bought a potion of curing for 36 gold pieces
 36744 | D:5      | Bought a potion of curing for 36 gold pieces
 36744 | D:5      | Bought a potion of cure mutation for 420 gold pieces
 37020 | Orc:1    | Entered Level 1 of the Orcish Mines
 38162 | Orc:2    | Found Laseil's Weapon Shop.
 38865 | Orc:3    | Found a roughly hewn altar of Beogh.
 38971 | Orc:3    | Found a roughly hewn altar of Beogh.
 39248 | Orc:4    | Entered Level 4 of the Orcish Mines
 39311 | Orc:4    | Found a staircase to the Elven Halls.
 39798 | Orc:4    | Received a gift from Okawaru
 39951 | Orc:3    | Reached skill level 13 in Crossbows
 40487 | Orc:4    | Found Maxeitt's Food Shop.
 40487 | Orc:4    | Found Anofrul's Book Shoppe.
 40493 | Orc:4    | Found Hiblou's Food Shoppe.
 40493 | Orc:4    | Found Buafirigha's Book Shop.
 40994 | Swamp:1  | Entered Level 1 of the Swamp
 41187 | Swamp:1  | Gained mutation: Your magical and physical power is slightly enhanced at high health. [demonic ancestry]
 41187 | Swamp:1  | Reached XP level 16. HP: 127/127 MP: 22/22
 42264 | Swamp:4  | Entered Level 4 of the Swamp
 42300 | Swamp:4  | Found a frozen archway.
 42345 | IceCv    | Entered an ice cave
 42806 | IceCv    | Received a gift from Okawaru
 42913 | IceCv    | Reached skill level 1 in Poison Magic
 43823 | Swamp:4  | Received a gift from Okawaru
 43823 | Swamp:4  | Reached skill level 5 in Poison Magic
 43826 | Swamp:4  | Got an ivory trident {god gift}
 43827 | Swamp:4  | Identified the +9 trident "Fecuc" {god gift, flame, rF+ rC+} (Okawaru gifted it to you on level 4 of the Swamp)
 44497 | Swamp:4  | HP: 5/127 [swamp dragon (5)]
 44867 | Swamp:4  | HP: 3/127 [shambling mangrove (15)]
 45774 | Elf:1    | Entered Level 1 of the Elven Halls
 45775 | Elf:1    | Reached skill level 10 in Poison Magic
 45880 | Elf:1    | Found Tiwu's Jewellery Emporium.
 45916 | Elf:1    | Bought an uncursed ring of see invisible for 210 gold pieces
 46045 | Elf:1    | Found Zedapt's Book Emporium.
 46127 | Elf:1    | Found Ylieryng's Weapon Emporium.
 46207 | Elf:1    | Found Oroephi's Jewellery Shop.
 46238 | Elf:1    | Cast into the Abyss (a deep elf sorcerer)
 46249 | Abyss:1  | Found a corrupted altar of Lugonu.
 46292 | Abyss:3  | Found a corrupted altar of Lugonu.
 46357 | Elf:1    | Escaped the Abyss
 46385 | Elf:1    | Bought a cursed ring of loudness for 67 gold pieces
 46385 | Elf:1    | Bought a +1 ring of slaying for 90 gold pieces
 46479 | Elf:1    | Received a gift from Okawaru
 46530 | Elf:1    | Reached skill level 1 in Axes
 46594 | Elf:1    | Gained mutation: You have a pair of horns on your head. [demonic ancestry]
 46594 | Elf:1    | Reached XP level 17. HP: 97/133 MP: 18/23
 47043 | Elf:2    | Learned a level 3 spell: Mephitic Cloud
 47154 | Elf:2    | Received a gift from Okawaru
 47154 | Elf:2    | Reached skill level 1 in Spellcasting
 47245 | Elf:2    | Found a runed gate.
 47245 | Elf:2    | Found a runed gate.
 47247 | Elf:2    | Found a runed gate.
 47818 | Elf:3    | Entered Level 3 of the Elven Halls
 47878 | Elf:3    | Received a gift from Okawaru
 48662 | Elf:3    | Reached skill level 5 in Spellcasting
 48763 | Elf:3    | Noticed an Ice Fiend
 48982 | Elf:3    | Noticed an Ice Fiend
 48984 | Elf:3    | Noticed a Hell Sentinel
 49002 | Elf:3    | Received a gift from Okawaru
 49002 | Elf:3    | Shot with an arrow by a deep elf master archer

Vault maps used:
D:1:      saegor_arrival_simple_c, minmay_door_square
D:2:      ecumenical_altar_2, uniq_iyjb
D:4:      nicolae_overflow_crystal_walls, minmay_temple_entry_statues,
          serial_shops, shop, grunt_decor_fettered, trog_butcher_becter
D:5:      fedhas_altar_3, lemuel_doored_altar, first_bread, serial_shops, shop
D:6:      lemuel_round_altar, serial_shops, shop, mrwooster_statue_mirror,
          xom_confusion_cloud, uniq_grinder
D:7:      lightli_temple_of_fire
D:8:      lemuel_round_altar, dpeg_lair_monsters, uniq_erica
D:9:      minitemple, grunt_ogre_cave, uniq_joseph
D:10:     serial_glass, glass_columns_b, glass_columns_c, glass_columns_a,
          glass_columns_b, glass_columns_a, basic_altar, kennysheep_dice,
          uniq_sonja
D:11:     uniq_erolcha
D:12:     orc_0_dummy
D:13:     uniq_josephine
D:14:     david_vaults_4, serial_shops, nicolae_shop_crystal,
          kennysheep_small_spiral
D:15:     hangedman_depths_entry_try_elsewhere_first, solitary_fountain,
          stair_cage_cross, uniq_nessos
Temple:   triangle_lava_temple_11
Lair:1:   lemuel_fruit_tree
Lair:2:   grunt_megastairs_4
Lair:4:   swamp_mist_pool, guppyfry_snake_entry_garden, fungi_pond_lemuel,
          st_stairs_10, roderic_batcave, kennysheep_basilisk_garden
Lair:5:   uniq_rupert
Lair:6:   st_stairs_7, serial_bayou_pond_b
Lair:7:   nicolae_slime_entry_slimehenge, uniq_maud
Lair:8:   wormcave, guppyfry_lair_end_dragon
Swamp:1:  nicolae_swamp_dense_foliage, hangedman_swamp_cone, swamp_pool4
Swamp:2:  nicolae_snake_squiggles, swamp_pool1
Swamp:3:  evilmike_swamp_ruin_house_2
Swamp:4:  swamp_alternative, portal_ice_cave_entry_ice_statue_02, swamp_pool4
Orc:2:    serial_shops, nicolae_shop_waterfront, shop
Orc:3:    basic_altar, nicolae_orc_pool_cavern, nicolae_orc_lost_temple
Orc:4:    grunt_orc_tribal_feast
Elf:1:    minmay_elf_arrival_circle, serial_shops, shop_fountains,
          nicolae_shop_behind_doors, nicolae_shop_window_shopping,
          nicolae_shop_stone, nicolae_shop_window_shopping,
          hangedman_elf_represent
Elf:2:    library_closet
Elf:3:    elf_hall_gauntlet_wide, basic_stair_grate_trap
Abyss:2:  minivault_13, minivault_20, evilmike_abyss_exit_plants
IceCv:    ice_cave_small_demon

Action                   |  1- 3 |  4- 6 |  7- 9 | 10-12 | 13-15 | 16-18 || total
-------------------------+-------+-------+-------+-------+-------+-------++-------
Melee: Trident           |    86 |   179 |       |       |       |       ||   265
       Short sword       |       |    64 |   336 |   653 |   554 |       ||  1607
       War axe           |       |       |     3 |    66 |    27 |       ||    96
       Scimitar          |       |       |       |    17 |    30 |    13 ||    60
       Falchion          |       |       |       |     5 |       |       ||     5
       Hand axe          |       |       |       |       |   397 |   504 ||   901
       Hand crossbow     |       |       |       |       |     2 |       ||     2
 Fire: Hand crossbow     |       |       |   184 |   537 |  1450 |   413 ||  2584
       Blowgun           |       |       |       |       |    16 |       ||    16
Throw: Tomahawk          |       |       |    16 |       |       |       ||    16
       Throwing net      |       |       |       |       |     3 |     1 ||     4
Invok: Heroism           |       |       |     5 |    18 |    29 |    14 ||    66
 Abil: Evoke Berserk Rag |       |     1 |       |       |       |       ||     1
Evoke: Wand              |       |     1 |       |     9 |    16 |     6 ||    32
       Fan of gales      |       |       |       |       |       |     1 ||     1
  Use: Potion            |     1 |     2 |     4 |     7 |     6 |    23 ||    43
       Scroll            |       |     6 |     5 |    18 |    13 |    11 ||    53
 Stab: Sleeping          |       |       |     2 |     1 |     1 |     1 ||     5
       Invisible         |       |       |       |     6 |     7 |     2 ||    15
  Eat: Chunk             |     2 |    14 |    13 |    29 |    45 |    13 ||   116
       Fruit             |       |       |     3 |     7 |     7 |     3 ||    20
       Beef jerky        |       |       |     2 |       |     4 |     9 ||    15
       Pizza             |       |       |       |     1 |     2 |     1 ||     4
       Royal jelly       |       |       |       |       |     2 |     1 ||     3
